 Dungeon Crawl Stone Soup version 0.26.1-2-gb8aa6d0cf2 (webtiles) character file.

Game seed: 5623746602981515550

46 wumna the Conjurer (level 3, -3/21 HPs)
             Began as an Octopode Conjurer on Feb 11, 2021.
             Slain by a worm (7 damage)
             ... on level 2 of the Dungeon.
             The game lasted 00:10:57 (1841 turns).

wumna the Conjurer (Octopode Conjurer)              Turns: 1841, Time: 00:10:58

Health: -3/21      AC:  1    Str:  6    XL:     3   Next: 68%
Magic:  6/6        EV: 13    Int: 21    God:
Gold:   57         SH:  0    Dex: 10    Spells: 5/6 levels left

rFire    . . .     SeeInvis .   c - +0 dagger
rCold    . . .     Faith    .   (no shield)
rNeg     . . .     Spirit   .   (helmet restricted)
rPois    .         Reflect  .   (no amulet)
rElec    .         Harm     .   (no ring)
rCorr    .         Rampage  .   (no ring)
Will     .....                  (no ring)
Stlth    +++.......             (no ring)
HPRegen  0.07/turn              (no ring)
MPRegen  0.10/turn              (no ring)
                                (no ring)
                                (no ring)

@: lethally poisoned (-3 -> -10)
A: almost no armour, stealthy swim, amphibious, 8 rings, constrict 8, camouflage
1, gelatinous body 1
a: no special abilities


You were on level 2 of the Dungeon.
You visited 1 branch of the dungeon, and saw 2 of its levels.

You collected 57 gold pieces.

Inventory:

Hand Weapons
 c - a +0 dagger (weapon)
 f - a +0 club
 h - a +0 dagger
 i - a +0 club
 j - a +0 dagger
 k - a +0 dagger
Missiles
 g - 4 stones
 m - 56 sling bullets
Armour
 l - a +0 leather armour
 o - a +0 pair of gloves
Scrolls
 b - a scroll of teleportation {unknown}
 e - a scroll of noise {unknown}
 n - a scroll of fear {unknown}
 p - a scroll of identify {unknown}
Potions
 a - a potion of degeneration {unknown}
 d - 2 potions of berserk rage {unknown}


   Skills:
 - Level 0.1 Short Blades
 + Level 2.0 Dodging
 + Level 3.0 Stealth
 * Level 2.3 Spellcasting
 * Level 4.9 Conjurations


You had 5 spell levels left.
You knew the following spells:

 Your Spells              Type           Power        Failure   Level
a - Magic Dart            Conj           92%          1%          1

Your spell library contained the following spells:

 Spells                   Type           Power        Failure   Level
 Searing Ray              Conj           46%          2%          2
 Dazzling Flash           Conj/Hex       24%          16%         3
 Fulminant Prism          Conj/Hex       6%           45%         4
 Iskenderun's Mystic Bla  Conj/Tloc      12%          45%         4


Dungeon Overview and Level Annotations

Branches:
Dungeon (2/15)

Altars:
Okawaru


Innate Abilities, Weirdness & Mutations

You cannot wear most types of armour.
You are very stealthy in the water. (Stealth+)
You are amphibious.
You can wear up to eight rings at the same time.
You can use your tentacles to constrict eight enemies at once.
Your skin changes colour to match your surroundings (Stealth+).
Your rubbery body absorbs attacks. (AC +1, EV +1)


Message History

You hit the worm.
The worm is almost dead.
You constrict the worm. You hit the worm.
You kill the worm!
You see here a quokka corpse.
Magic restored.
HP restored.
Done exploring.
You see here a quokka skeleton.
Done exploring.
You see here a hobgoblin skeleton.
There is a stone staircase leading down, spattered with blood here.
You climb downwards.
The adder bites you. x2; The worm bites you.
There is a stone staircase leading up here.
The adder barely misses you. The adder bites you.
* * * LOW HITPOINT WARNING * * *
You are lethally poisoned!
The adder poisons you! The worm bites you!
You die...

#.....#
#.....####
#.........
##......#
#####.....>#
...w.......#
.#####.....#
#.......#
#.#.@...#
##..Sw####
#.......#
#.##.##.#
... .$.#..#
....
)......#
...#
..._.....
...
.........##
.
#..#...#..#


You could see a worm and an adder.

Vanquished Creatures
  A worm (D:1)
  A dart slug (D:1)
  2 leopard geckos (D:1)
  A ball python (D:1)
  6 bats (D:1)
  4 giant cockroaches (D:1)
  3 goblins (D:1)
  2 hobgoblins (D:1)
  2 jackals (D:1)
  5 kobolds
  2 quokkas
  6 frilled lizards (D:1)
  2 rats
37 creatures vanquished.

Notes
Turn   | Place    | Note
-------+----------+-------------------------------------------
     0 | D:1      | wumna the Octopode Conjurer began the quest for the Orb.
     0 | D:1      | Reached XP level 1. HP: 11/11 MP: 3/3
   466 | D:1      | Reached XP level 2. HP: 17/17 MP: 0/5
   707 | D:1      | Reached XP level 3. HP: 19/21 MP: 3/6
  1587 | D:2      | Found an iron altar of Okawaru.
  1841 | D:2      | Slain by a worm

Illustrated notes

Levels and vault maps discovered:
D:1:      lightli_arrival_quake, layout_loops_ring, st_stairs_3,
          minmay_misc_feat_alley, minmay_worlds_worst_comb
D:2:      layout_rooms, okawaru_gym_becter, grunt_temple_overflow_cloverleaf

Skill      XL: |  1  2  3 |
---------------+----------+-----
Stealth        | 3 |  3.0
Short Blades   | |  0.1
Dodging        | |  2.0
Spellcasting   | |  2.3
Conjurations   | |  4.9

Action                   || total
-------------------------++-------
Melee: Unarmed           ||     7
       Constrict         ||    11
       Dagger            ||    33
       Tentacles         ||     6
 Cast: Magic Dart        ||    50
 Stab: Sleeping          ||     1
Armor: Skin              ||     4
Dodge: Dodged            ||    34
